 Dungeon Crawl Stone Soup version 0.28-a0-909-g796cbd3a86 (webtiles) character file.

Game seed: 5022254252124049308

533 pokeman the Magician (level 7, -3/39 HPs)
             Began as a Deep Elf Hedge Wizard on Nov 24, 2021.
             Was an Initiate of Vehumet.
             Slain by a black bear (9 damage)
             ... on level 4 of the Dungeon.
             The game lasted 00:08:58 (4442 turns).

pokeman the Magician (Deep Elf Hedge Wizard)        Turns: 4442, Time: 00:08:59

Health: -3/39      AC:  4    Str:  7    XL:     7   Next: 4%
Magic:  1/20       EV: 12    Int: 21    God:    Vehumet [......]
Gold:   182        SH:  0    Dex: 14    Spells: 10/21 levels left

rFire   . . .      SeeInvis .   l - +0 dagger (venom)
rCold   . . .      Faith    .   (no shield)
rNeg    . . .      Spirit   .   h - +0 leather armour
rPois   .          Reflect  .   p - +0 helmet
rElec   .          Harm     .   (no cloak)
rCorr   .          Rampage  .   (no gloves)
Will    .....                   (no boots)
Stlth   ++........              (no amulet)
HPRegen 0.13/turn               (no ring)
MPRegen 0.17/turn               (no ring)

@: no status effects
A: no striking features
a: Renounce Religion


You were on level 4 of the Dungeon.
You worshipped Vehumet.
Vehumet was noncommittal.
You visited 2 branches of the dungeon, and saw 5 of its levels.

You collected 182 gold pieces.

Inventory:

Hand Weapons
 c - a +4 quarterstaff of chaos
 l - a +0 dagger of venom (weapon)
Missiles
 e - 42 bolts
 o - 28 arrows
Armour
 h - a +0 leather armour (worn)
 p - a +0 helmet (worn)
Magical Staves
 i - a staff of air
Scrolls
 a - a scroll of fear {unknown}
 d - 3 scrolls of identify {unknown}
 q - a scroll of vulnerability {unknown}
 r - a scroll of acquirement {unknown}
 t - 3 scrolls of amnesia {unknown}
Potions
 b - a potion of ambrosia {unknown}
 f - 3 potions of heal wounds {unknown}
 g - 2 potions of attraction {unknown}
 j - a potion of invisibility {unknown}
 k - 3 potions of berserk rage {unknown}
 m - 2 potions of curing {unknown}
 n - 3 potions of haste {unknown}
 s - a potion of resistance {unknown}


   Skills:
 + Level 1.7 Fighting
 - Level 1.4 Armour
 - Level 3.0 Dodging
 - Level 3.0 Stealth
 * Level 7.5 Spellcasting
 + Level 3.6 Conjurations
 - Level 1.1 Summonings
 - Level 1.1 Translocations
 - Level 1.0 Fire Magic
 - Level 1.0 Air Magic
 - Level 1.0 Poison Magic
 + Level 1.2 Evocations


You had 10 spell levels left.
You knew the following spells:

 Your Spells              Type           Power      Damage    Failure   Level
a - Magic Dart            Conj           92%        1d7       2%          1
b - Mephitic Cloud        Conj/Pois/Air  15%        N/A       17%         3
c - Call Imp              Summ           12%        N/A       12%         2
d - Blink                 Tloc           24%        N/A       12%         2
e - Conjure Flame         Conj/Fire      17%        6-21      14%         3

Your spell library contained the following spells:

 Spells                   Type           Power      Damage    Failure   Level
 Slow                     Hex            28%        N/A       12%         1
 Ozocubu's Armour         Ice            7%         N/A       36%         3
 Ozocubu's Refrigeration  Ice            3%         4d5       100%        7


Dungeon Overview and Level Annotations

Branches:
Dungeon (4/15)             Temple (1/1) D:4

Altars:
Ashenzari
Cheibriados
Dithmenos
Elyvilon
Fedhas
Gozag
Kikubaaqudgha
Makhleb
Nemelex Xobeh
Sif Muna
Vehumet
Wu Jian
Yredelemnul
The Shining One

Shops:
D:1 =*[   D:4 =


Message History

The black bear closely misses you. The black bear barely misses you.
The black bear claws you but does no damage.
Your magical contamination has completely faded away.
You catch the helpless black bear completely off-guard!
You puncture the black bear!
The black bear looks as sick as possible!
The black bear is moderately wounded.
The black bear bites the black bear but does no damage.
The black bear claws the black bear. x2
You hit the black bear but do no damage.
The black bear looks as sick as possible!
The black bear is moderately wounded.
The black bear goes berserk!
The black bear bites you.
The black bear claws you but does no damage.
The black bear claws you.
Unknown command.
Casting: Mephitic Cloud (quite dangerous; 19% risk of failure)
Confirm with . or Enter, or press ? or * to list all spells.
The spell is quite dangerous to cast (14% risk of failure)!
Continue anyway?
You miscast Conjure Flame.
You are very lightly contaminated with residual magic.
Nothing appears to happen.
Casting: Conjure Flame (quite dangerous; 14% risk of failure)
Confirm with . or Enter, or press ? or * to list all spells.
The spell is quite dangerous to cast (14% risk of failure)!
Continue anyway?
The fire begins to smoulder!
The black bear smothers the flame.
The black bear bites you. The black bear claws you.
* * * LOW HITPOINT WARNING * * *
The black bear claws you.
* * * LOW HITPOINT WARNING * * *
Vehumet accepts your kill.
You feel a bit more experienced.
Your Evocations skill increases to level 1!
You have reached level 7!
The black bear bites you but does no damage.
The black bear barely misses you. The black bear closely misses you.
Your magical contamination has completely faded away.
The black bear bites you!
You die...

.....######.######## #.##..#
.....)....#..#.....####.##..#
..#########.∩............h..#
..###########....#.####.##.##
.).........##..#....###..#)#
##.........##.......#......#
##)........###.#...####..###
#.........##............########
##.........###.#@#.###...#.......
...).......+...h.........####.###
...........###.#.##.##..#####.#
...#.####....#.#.##...........#
...#.####.##.#.#.##..##..###..#
...#..............#...#..###..#
...#.......................#..###
...##.########..#.#.#.#..#.#.....
... #.##..........#........#.####


You could see a black bear (berserk).

Vanquished Creatures
  A black bear (D:4)
  An ogre (D:2)
  3 orc priests
  Crazy Yiuf (D:3)
  2 orc wizards
  Robin (D:3)
  7 adders
  A worm (D:3)
  A dart slug (D:3)
  8 orcs
  5 endoplasms
  2 giant cockroaches
  12 goblins
  8 hobgoblins
  6 ball pythons
  9 bats
  4 frilled lizards
  4 kobolds
  3 rats
79 creatures vanquished.

Vanquished Creatures (collateral kills)
  An iguana (D:3)
1 creature vanquished.

Grand Total: 80 creatures vanquished

Notes
Turn   | Place    | Note
-------+----------+-------------------------------------------
     0 | D:1      | pokeman the Deep Elf Hedge Wizard began the quest for the
                  | Orb.
     0 | D:1      | Reached XP level 1. HP: 10/10 MP: 7/7
   344 | D:1      | Reached XP level 2. HP: 15/15 MP: 2/9
   724 | D:1      | Found Vaheva's Antique Armour Shop.
   902 | D:1      | Found Ykhluq's General Store.
  1097 | D:1      | Found Zusch's Jewellery Boutique.
  1417 | D:2      | Reached skill level 5 in Spellcasting
  1417 | D:2      | Reached XP level 3. HP: 17/20 MP: 1/11
  1421 | D:2      | Learned a level 3 spell: Mephitic Cloud
  1424 | D:2      | Learned a level 2 spell: Call Imp
  1427 | D:2      | Learned a level 2 spell: Blink
  1431 | D:2      | Learned a level 3 spell: Conjure Flame
  1690 | D:2      | Noticed an ogre
  1700 | D:2      | Killed an ogre
  1701 | D:2      | Reached skill level 1 in Fighting
  1701 | D:2      | Reached skill level 1 in Armour
  1701 | D:2      | Reached XP level 4. HP: 23/25 MP: 2/13
  1853 | D:2      | Reached skill level 6 in Spellcasting
  1853 | D:2      | Reached XP level 5. HP: 19/29 MP: 0/15
  2132 | D:2      | Found a faded altar of an unknown god.
  2521 | D:3      | Reached skill level 1 in Fire Magic
  2900 | D:3      | Noticed Robin
  3312 | D:3      | Found a basalt altar of Yredelemnul.
  3393 | D:3      | Found a runed translucent door.
  3394 | D:3      | Noticed Crazy Yiuf
  3509 | D:3      | Reached XP level 6. HP: 25/34 MP: 10/17
  3633 | D:3      | Killed Robin
  3642 | D:3      | Reached skill level 1 in Air Magic
  3798 | D:3      | Killed Crazy Yiuf
  3934 | D:4      | Found Upirog's Jewellery Shoppe.
  3957 | D:4      | Found a staircase to the Ecumenical Temple.
  3962 | Temple   | Entered the Ecumenical Temple
  4015 | Temple   | Became a worshipper of Vehumet
  4084 | D:4      | Found a burning altar of Makhleb.
  4109 | D:4      | Reached skill level 7 in Spellcasting
  4113 | D:4      | Reached skill level 1 in Poison Magic
  4440 | D:4      | Reached skill level 1 in Evocations
  4440 | D:4      | Reached XP level 7. HP: 6/39 MP: 1/20
  4442 | D:4      | Slain by a black bear

Illustrated notes

Levels and vault maps discovered:
D:1:      beargit_arrival_greenhouse, layout_basic, serial_shops,
          nicolae_shop_stone, nicolae_shop_crystal, nicolae_shop_hallway_plus
D:2:      layout_basic, shapermc_ecumenical_altar_mp_highgroup
D:3:      layout_basic, yredelemnul_altar_generic, uniq_robin,
          uniq_crazy_yiuf_cottage
D:4:      layout_basic, amcnicky_altar_gilded, trog_ov_bears_minmay,
          temple_doors_e, serial_shops, shop
Temple:   minmay_temple_bridge_abc

Skill      XL: |  1  2  3  4  5  6 |
---------------+-------------------+-----
Spellcasting   | 5 6 7 |  7.5
Fighting       | 1 |  1.7
Armour         | 1 |  1.4
Conjurations   | 2 3 |  3.6
Fire Magic     | 1 |  1.0
Dodging        | 3 |  3.0
Air Magic      | 1 |  1.0
Stealth        | 3 |  3.0
Poison Magic   | 1 |  1.0
Evocations     | 1 |  1.2
Summonings     | |  1.1
Translocations | |  1.1

Action                   |  1- 3 |  4- 6 |  7- 9 || total
-------------------------+-------+-------+-------++-------
Melee: Staff             |     5 |     1 |       ||     6
       Dagger            |       |    56 |       ||    56
 Cast: Magic Dart        |    85 |   112 |       ||   197
       Mephitic Cloud    |       |    10 |       ||    10
       Call Imp          |       |     2 |       ||     2
       Blink             |       |     1 |       ||     1
       Conjure Flame     |       |     1 |       ||     1
 Stab: Sleeping          |       |     1 |       ||     1
       Confused          |       |     5 |       ||     5
Armor: Robe              |     1 |       |       ||     1
       Leather armour    |       |    24 |     1 ||    25
Dodge: Dodged            |    23 |    59 |     2 ||    84

Table legend: (Time is in decaauts)
 A = Elapsed time spent in this place.
 B = Non-inter-level travel time spent in this place.
 C = Inter-level travel time spent in this place.
 D = Time resting spent in this place.
 E = Time spent auto-exploring this place.
 F = Levels seen in this place.
 G = Mean time per level.
                   A        B        C        D        E       F      G
               +--------+--------+--------+--------+--------+-----+--------+
         Total |   4442 |   4330 |    112 |    159 |   3550 |   5 |  888.4 |
       Dungeon |   4366 |   4276 |     90 |    159 |   3509 |   4 | 1091.5 |
        Temple |     76 |     54 |     22 |      0 |     41 |   1 |   76.0 |
               +--------+--------+--------+--------+--------+-----+--------+

Top non-repeatable levels by time:
     D:2: 1371 daAuts
     D:3: 1295 daAuts
     D:1: 1234 daAuts
     D:4: 465 daAuts
  Temple: 76 daAuts
